 Dungeon Crawl Stone Soup version 0.31.0-32-g396128a36d (webtiles) character file.

Game seed: 11005469363862698011

83689 MollyMolluskus the Brawler (level 15, -2/114 HPs)
             Began as an Octopode Fighter on Apr 7, 2024.
             Was an Elder of Wu Jian.
             Slain by a skeletal warrior
             ... wielding a +0 broad axe
              (15 damage)
             ... on level 15 of the Dungeon on Apr 9, 2024.
             The game lasted 01:18:01 (17361 turns).

MollyMolluskus the Brawler (Octopode Fighter)      Turns: 17361, Time: 01:18:03

Health: -2/114     AC:  1    Str: 27    XL:     15   Next: 77%
Magic:  15/15      EV: 15    Int: 12    God:    Wu Jian [****..]
Gold:   1764       SH:  8    Dex: 12    Spells: 14/14 levels left

rFire   . .          .
                       - Unarmed
rCold   + . .        a - +3 buckler
rNeg    + + .        h - +0 hat "Ruat" {*Corrode rPois rN++ Slay+2}
rPois   +            e - amulet of regeneration
rElec   .            i - +6 ring of strength
rCorr   .            n - ring of protection from cold
SInv    .            (no ring)
Will    +....        (no ring)
Stlth   +++          (no ring)
HPRegen 1.19/turn    (no ring)
MPRegen 0.14/turn    (no ring)
                     (no ring)

%: corrode self (3%)
@: mighty, maw-form, studying Earth Magic
A: devouring maw, almost no armour, amphibious, 8 rings, camouflage 1,
gelatinous body 1, (nimble swimmer 1), tentacles
a: Begin Untransformation, Renounce Religion, Wall Jump, Serpent's Lash


You were on level 15 of the Dungeon.
You worshipped Wu Jian.
Wu Jian was greatly pleased with you.
You were a creature with a mouth for a stomach.
You visited 3 branches of the dungeon, and saw 21 of its levels.
You also visited: Ice Cave.

You collected 1885 gold pieces.
You spent 121 gold pieces at shops.

Inventory:

Hand Weapons
 o - a +7 dagger
Missiles
 b - 2 throwing nets
 m - 5 boomerangs
 q - 25 poisoned darts
 y - 7 curare-tipped darts (quivered)
 B - 7 javelins
 E - 5 silver javelins
Armour
 a - a +3 buckler (worn)
 h - the +0 hat "Ruat" (worn) {*Corrode rPois rN++ Slay+2}
   (You acquired it on level 2 of the Dungeon)

   Slay+2:    It affects your accuracy & damage with ranged weapons and melee
   (+2).
   rPois:     It protects you from poison rN++: It greatly protects you from
   negative energy.
   *Corrode:  It may corrode you when you take damage.
Jewellery
 e - an amulet of regeneration (around mantle)
 i - a +6 ring of strength (left tentacle)
 n - a ring of protection from cold (right tentacle)
Talismans
 v - a maw talisman (active)
 w - a serpent talisman
Wands
 t - a wand of light (3)
 A - a wand of charming (13)
 C - a wand of polymorph (7)
 D - a wand of digging (9)
 F - a wand of roots (2)
Scrolls
 d - 3 scrolls of silence
 g - 4 scrolls of torment
 j - a scroll of teleportation
 r - 5 scrolls of identify
 x - a scroll of enchant weapon
 H - 2 scrolls of immolation
 I - a scroll of poison
 J - a scroll of fear
 M - a scroll of blinking
Potions
 c - 4 potions of heal wounds
 l - 8 potions of haste
 p - 2 potions of curing
 s - 4 potions of mutation
 u - 5 potions of cancellation
 z - a potion of ambrosia
Miscellaneous
 K - a tin of tremorstones (2/2)
 L - a phial of floods


   Skills:
 + Level 14.8 Fighting
 - Level 8.0 Dodging
 - Level 4.0 Stealth
 - Level 4.0 Shields
 * Level 17.9 Unarmed Combat
 + Level 12.3 Shapeshifting


You had 14 spell levels left.
You didn't know any spells.
Your spell library contained the following spells:

 Spells                   Type           Power      Damage    Failure   Level
 Foxfire                  Conj/Fire      0%         2x1d4     36%         1
 Jinxbite                 Hex            0%         N/A       50%         2
 Static Discharge         Conj/Air       0%         3-3/arc   50%         2
 Confusing Touch          Hex            0%         N/A       75%         3
 Dazzling Flash           Conj/Hex       0%         N/A       75%         3
 Fugue of the Fallen      Necr           0%         N/A       75%         3
 Ozocubu's Armour         Ice            0%         N/A       75%         3
 Tukima's Dance           Hex            0%         N/A       75%         3
 Airstrike                Air            0%         2d(0-16)  98%         4
 Animate Dead             Necr           0%         N/A       98%         4
 Cause Fear               Hex            0%         N/A       98%         4
 Dimensional Bullseye     Hex/Tloc       0%         N/A       98%         4
 Iskenderun's Mystic Bla  Conj/Tloc      0%         2d3       98%         4
 Manifold Assault         Tloc           0%         N/A       98%         4
 Summon Lightning Spire   Summ/Air       0%         N/A       98%         4
 Borgnjor's Vile Clutch   Necr/Erth      0%         N/A       100%        5
 Fireball                 Conj/Fire      0%         3d3       100%        5
 Lee's Rapid Deconstruct  Erth           0%         3d4*      100%        5
 Silence                  Hex/Air        0%         N/A       100%        5
 Yara's Violent Unravell  Hex/Alch       0%         3d3       100%        5
 Death Channel            Necr           0%         N/A       100%        6
 Plasma Beam              Fire/Air       0%         2x1d10    100%        6
 Starburst                Conj/Fire      0%         6d3       100%        6
 Enfeeble                 Hex            0%         N/A       100%        7
 Dragon's Call            Summ           0%         N/A       100%        9
 Animate Armour           Summ/Erth      Unusable   N/A       N/A         4

Dungeon Overview and Level Annotations

Branches:
Dungeon (15/15)            Temple (1/1) D:5            Lair (5/5) D:9
  Swamp (0/4) Lair:2       Spider (0/4) Lair:2        Slime (0/5) Lair:4
    Orc (0/2) D:10         Vaults (0/5) D:14         Depths (0/4) D:15
  IceCv (visited)

Altars:
Ashenzari
Cheibriados
Dithmenos
Elyvilon
Fedhas
Gozag
Hepliaklqana
Kikubaaqudgha
Makhleb
Nemelex Xobeh
Okawaru
Qazlal
Ru
Sif Muna
Trog
Uskayaw
Vehumet
Wu Jian
Xom
Yredelemnul
Zin
The Shining One
Jiyva

Shops:
D:2 *   D:3 [

Annotations:
D:3 4 runed translucent doors, 0gre's ghost, amateur GnIE; Crazy Yiuf
D:13 3 runed translucent doors, Mebb's ghost, journeyman SpEn; SirLogeyBear's ghost, journeyman HOBe


Innate Abilities, Weirdness & Mutations

You are a creature with a mouth for a stomach.
Your midsection houses a second, enormous mouth.
You cannot wear most types of armour.
You are amphibious.
You can wear up to eight rings at the same time.
Your skin changes colour to match your surroundings (Stealth+).
Your rubbery body absorbs attacks. (AC +1, EV +1)
((You are camouflaged when in or above water. (Stealth+)))
You have tentacles for arms and can constrict up to eight enemies at once.


Message History

Unknown command.
Unknown command.
Unknown command.
You spin and attack the skeletal warrior repeatedly.
You bludgeon the skeletal warrior!
The skeletal warrior is moderately damaged.
You bludgeon the skeletal warrior! You grab the skeletal warrior.
The skeletal warrior is heavily damaged.
You spin and attack the skeletal warrior.
You batter the skeletal warrior!! You bite the skeletal warrior!
You destroy the skeletal warrior!
The Council accepts your kill.
You constrict the skeletal warrior.
The centaur shoots an arrow.
The arrow hits you!
* * * LOW HITPOINT WARNING * * *
You block the skeletal warrior's attack.
A centaur warrior comes into view.
The centaur shoots an arrow.
The arrow misses you.
The arrow hits the skeletal warrior but does no damage.
The centaur shoots an arrow.
The arrow closely misses you.
The arrow hits the skeletal warrior!
Unknown command.
Unknown command.
As you read the scroll of fog, it dissolves into smoke.
You constrict the skeletal warrior. The skeletal warrior barely misses you.
The skeletal warrior hits you with a +1 dire flail of venom!!
* * * LOW HITPOINT WARNING * * *
The skeletal warrior barely misses you.
The centaur shoots an arrow.
The arrow closely misses you.
The arrow barely misses the skeletal warrior.
The centaur warrior shouts!
Unknown command.
You release your grip on the skeletal warrior.
You spin and attack the skeletal warrior.
You batter the skeletal warrior!! Your grab misses the skeletal warrior.
You tentacle-slap the skeletal warrior, but do no damage.
You bite the skeletal warrior.
The skeletal warrior is heavily damaged.
The skeletal warrior hits you with a +0 broad axe!
You die...

#........# #........#
#........+ #........#
#.... ..# #...####.#
#........################
#........)......§§§§ccc..
#.(...........#§W§§§cc.c.
#.............#§z§§§###
#.............#§zzz§#
#.....####....#§§§§§#
#.....# #....#.....#
#.....# #....#.....#
#.....# #....#.....#
#.....# #....#.....#
#.....### ....... ##


You could see 4 skeletal warriors.

Vanquished Creatures
  Nikola (D:14)
  A frost giant (IceCv)
  An ironbound preserver (D:14)
  2 statues (D:14)
  2 salamander tyrants (D:14)
  6 hydras
  An ogre mage (D:14)
  2 centaur warriors
  2 boulder beetles
  Erica (D:11)
  4 two-headed ogres
  2 tengu warriors (D:14)
  6 death yaks (IceCv)
  Urug (Lair:1)
  2 occultists (D:14)
  3 skysharks
  A goliath frog (Lair:5)
  A skeletal warrior (D:15)
  4 arcanists
  12 deep elf pyromancers
  A harpy (shapeshifter) (D:14)
  2 orc sorcerers (D:14)
  9 ugly things
  3 manticores
  6 cyclopes
  2 black mambas
  4 elephants (Lair:1)
  An ice statue (IceCv)
  23 cane toads
  A cane toad (shapeshifter) (D:14)
  6 rime drakes
  A gargoyle (D:13)
  A rime drake (shapeshifter) (D:14)
  2 kobold demonologists (D:9)
  Jeremiah (D:8)
  Maggie (Lair:2)
  3 tengu conjurers (D:14)
  8 komodo dragons
  2 ice devils (Lair:2)
  2 trolls
  6 polar bears
  3 tyrant leeches
  29 blink frogs
  A wolf spider simulacrum (D:14)
  4 dream sheep (Lair:3)
  A shadow (D:10)
  3 culicivoras (Lair:2)
  A centaur simulacrum (D:14)
  3 basilisks
  50 yaks
  A wyvern (D:9)
  2 wraiths
  3 steam dragons
  5 vampire mosquitoes (Lair:5)
  2 swamp worms (Lair:2)
  22 water moccasins
  4 orc warriors
  5 ice beasts (D:5)
  2 laughing skulls (D:13)
  4 boggarts (D:14)
  17 wolves
  2 ogres
  11 centaurs
  A phantom (D:6)
  A kobold brigand (D:9)
  17 bullfrogs
  2 gnoll sergeants
  A scorpion (D:3)
  5 wights (D:8)
  5 killer bees
  7 howler monkeys
  5 electric eels
  3 jellies
  7 hounds
  5 orc priests
  2 sleepcaps
  Jessica (D:2)
  3 iguanas
  20 orc wizards
  4 hell rats (Lair:4)
  3 adders
  13 gnolls
  3 white imps
  2 ufetubi
  3 dart slugs
  5 ribbon worms
  51 orcs
  10 bats
  4 endoplasms
  9 giant cockroaches
  4 goblins
  9 hobgoblins
  12 jackals
  9 kobolds
  6 quokkas
  8 ball pythons
  4 frilled lizards
  11 rats
570 creatures vanquished.

Vanquished Creatures (others)
  An ogre mage (D:14)
1 creature vanquished.

Grand Total: 571 creatures vanquished

Notes
Turn   | Place    | Note
-------+----------+-------------------------------------------
     0 | D:1      | MollyMolluskus the Octopode Fighter began the quest for the
                  | Orb.
     0 | D:1      | Reached XP level 1. HP: 16/16 MP: 1/1
   115 | D:1      | Reached XP level 2. HP: 21/21 MP: 2/2
   142 | D:1      | Reached skill level 1 in Stealth
   456 | D:1      | Reached XP level 3. HP: 26/26 MP: 3/3
   642 | D:2      | Found a shimmering blue altar of Sif Muna.
   644 | D:2      | Noticed Jessica
   648 | D:2      | Killed Jessica
   662 | D:2      | Identified a scroll of acquirement
   662 | D:2      | Acquired the +0 hat "Ruat" {*Corrode rPois rN++ Slay+2}
   671 | D:2      | Found Luecvu's Assorted Antiques.
   758 | D:2      | Reached XP level 4. HP: 31/31 MP: 4/4
   871 | D:2      | Reached skill level 3 in Unarmed Combat
  1588 | D:2      | Bought 2 glowing pink potions for 57 gold pieces
  1588 | D:2      | Bought a scroll labelled BUREFUW VUTA for 32 gold pieces
  1625 | D:3      | Noticed an ogre
  1769 | D:2      | Bought a scroll labelled REOGO SA IDEQI for 32 gold pieces
  1845 | D:3      | Found a runed translucent door.
  1846 | D:3      | Noticed Crazy Yiuf
  1989 | D:3      | Killed an ogre
  1990 | D:3      | Reached XP level 5. HP: 37/37 MP: 5/5
  2000 | D:3      | Reached XP level 6. HP: 43/43 MP: 6/6
  2244 | D:3      | Found a hazy altar of Hepliaklqana.
  2252 | D:3      | Found a runed translucent gate.
  2252 | D:3      | Found a runed translucent gate.
  2252 | D:3      | Found a runed translucent gate.
  2301 | D:3      | Found Udghy's Antique Armour Emporium.
  2384 | D:3      | Noticed 0gre's ghost (amateur GnIE)
  2488 | D:4      | Reached skill level 4 in Unarmed Combat
  2748 | D:4      | Reached XP level 7. HP: 48/48 MP: 7/7
  2763 | D:4      | Found a blossoming altar of Fedhas.
  3210 | D:5      | Entered Level 5 of the Dungeon
  3275 | D:5      | Reached skill level 5 in Unarmed Combat
  3484 | D:5      | Reached skill level 5 in Fighting
  3484 | D:5      | Reached skill level 5 in Dodging
  3484 | D:5      | Reached XP level 8. HP: 55/55 MP: 8/8
  3495 | D:5      | Reached skill level 6 in Unarmed Combat
  3672 | D:5      | Found a staircase to the Ecumenical Temple.
  3681 | Temple   | Entered the Ecumenical Temple
  3692 | Temple   | Became a worshipper of the Wu Jian Council
  3740 | D:5      | Found a snail-covered altar of Cheibriados.
  3741 | D:5      | Found a shadowy altar of Dithmenos.
  3742 | D:5      | Found a shimmering altar of Xom.
  3742 | D:5      | Found a hide-covered altar of Uskayaw.
  3742 | D:5      | Found an ancient bone altar of Kikubaaqudgha.
  3743 | D:5      | Found a shimmering blue altar of Sif Muna.
  3744 | D:5      | Found a radiant altar of Vehumet.
  3744 | D:5      | Found an iron altar of Okawaru.
  3747 | D:5      | Found a stormy altar of Qazlal.
  3748 | D:5      | Found a white marble altar of Elyvilon.
  3748 | D:5      | Found a glowing silver altar of Zin.
  4192 | D:6      | Reached skill level 7 in Unarmed Combat
  4287 | D:6      | Reached XP level 9. HP: 62/62 MP: 9/9
  4680 | D:7      | Reached skill level 8 in Unarmed Combat
  4761 | D:7      | Reached * piety under Wu Jian
  5257 | D:8      | Noticed Jeremiah
  5266 | D:8      | Killed Jeremiah
  5294 | D:8      | Reached skill level 9 in Unarmed Combat
  5541 | D:8      | Reached XP level 10. HP: 58/71 MP: 10/10
  5819 | D:9      | Reached skill level 10 in Unarmed Combat
  5825 | D:9      | Reached ** piety under Wu Jian
  6204 | D:9      | Noticed a two-headed ogre
  6211 | D:9      | Killed a two-headed ogre
  6242 | D:9      | Noticed a kobold demonologist
  6243 | D:9      | Noticed a kobold demonologist
  6249 | D:9      | Noticed a rust devil
  6256 | D:9      | Killed a kobold demonologist
  6257 | D:9      | Reached skill level 11 in Unarmed Combat
  6258 | D:9      | Killed a kobold demonologist
  6325 | D:9      | HP: 1/73 [orc warrior/+0 glaive (20)]
  6440 | D:9      | Reached XP level 11. HP: 72/78 MP: 11/11
  6488 | D:9      | Noticed a deep elf pyromancer
  6497 | D:9      | Killed a deep elf pyromancer
  6498 | D:9      | Reached skill level 12 in Unarmed Combat
  6596 | D:9      | Found a staircase to the Lair.
  6616 | D:10     | Entered Level 10 of the Dungeon
  6724 | D:10     | Reached *** piety under Wu Jian
  6738 | D:10     | Reached skill level 1 in Shapeshifting
  7235 | D:10     | Found a staircase to the Orcish Mines.
  7382 | D:10     | Found a sacrificial altar of Ru.
  7488 | D:11     | Noticed Erica
  7504 | D:11     | Killed Erica
  7577 | D:11     | Noticed a cyclops
  7582 | D:11     | Killed a cyclops
  7611 | D:11     | Noticed a two-headed ogre
  7619 | D:11     | Killed a two-headed ogre
  7757 | D:11     | Noticed a two-headed ogre
  7760 | D:11     | Killed a two-headed ogre
  7761 | D:11     | Reached skill level 10 in Fighting
  7782 | D:11     | You fall into a shaft and drop 1 floor!
  7805 | D:12     | Noticed a deep elf pyromancer
  7809 | D:12     | Killed a deep elf pyromancer
  7916 | D:12     | Reached **** piety under Wu Jian
  8451 | D:11     | Reached skill level 13 in Unarmed Combat
  8486 | D:11     | Reached XP level 12. HP: 81/88 MP: 12/12
  8702 | D:12     | Reached skill level 5 in Shapeshifting
  8783 | D:12     | Noticed a two-headed ogre
  8787 | D:12     | Killed a two-headed ogre
  9076 | Lair:1   | Entered Level 1 of the Lair of Beasts
  9305 | Lair:1   | Reached ***** piety under Wu Jian
  9528 | Lair:1   | Reached skill level 14 in Unarmed Combat
  9661 | Lair:1   | Noticed Urug
  9670 | Lair:1   | Killed Urug
 10187 | Lair:2   | Reached XP level 13. HP: 65/96 MP: 13/13
 10476 | Lair:2   | Found a hole to the Spider Nest.
 10734 | Lair:2   | Found a frozen archway.
 10747 | IceCv    | Entered an ice cave
 11214 | IceCv    | Noticed a frost giant
 11218 | IceCv    | Killed a frost giant
 11232 | IceCv    | Reached skill level 10 in Shapeshifting
 11490 | Lair:2   | Reached skill level 15 in Unarmed Combat
 11530 | Lair:2   | Noticed Maggie
 11535 | Lair:2   | Reached XP level 14. HP: 104/104 MP: 14/14
 11538 | Lair:2   | Killed Maggie
 11628 | Lair:2   | Found a staircase to the Swamp.
 12406 | Lair:3   | You fall into a shaft and drop 1 floor!
 12475 | Lair:4   | Got the Parchment of the Evil Eye
 13511 | Lair:4   | Found a viscous altar of Jiyva.
 13511 | Lair:4   | Found a staircase to the Slime Pits.
 13613 | Lair:5   | Entered Level 5 of the Lair of Beasts
 13669 | Lair:5   | Reached skill level 16 in Unarmed Combat
 14747 | D:13     | Found a runed translucent gate.
 14747 | D:13     | Found a runed translucent gate.
 14748 | D:13     | Found a runed translucent gate.
 14750 | D:13     | Noticed SirLogeyBear's ghost (journeyman HOBe)
 14750 | D:13     | Noticed Mebb's ghost (journeyman SpEn)
 15710 | D:14     | Reached XP level 15. HP: 99/113 MP: 15/15
 15715 | D:14     | Found a gate to the Vaults.
 15741 | D:14     | Reached skill level 17 in Unarmed Combat
 15931 | D:14     | Found a radiant altar of Vehumet.
 15931 | D:14     | Noticed Nikola
 15939 | D:14     | Killed Nikola
 16011 | D:14     | Identified the staff "Hell-Harrower" {rElec rN+ Str+3 Air}
 17100 | D:15     | Entered Level 15 of the Dungeon
 17218 | D:15     | Found a staircase to the Depths.
 17361 | D:15     | Slain by a skeletal warrior

Illustrated notes

Levels and vault maps discovered:
D:1:      spicycebolla_green_bress_n_ham_2, layout_loops_ring
D:2:      layout_basic, basic_altar, serial_shops, nicolae_shop_hallway_stairs,
          minmay_worlds_worst_comb, uniq_jessica
D:3:      layout_rooms, nzn_hepliaklqana_mist_gate, biasface_ghost_orc_armoury,
          serial_shops, nicolae_shop_overgrown_old_shop,
          minmay_increasing_density, uniq_crazy_yiuf_cottage
D:4:      layout_basic, kennysheep_mini
D:5:      layout_loops_ring, nicolae_overflows_in_rows,
          lemuel_temple_firewalk_b, kennysheep_crisscross
D:6:      layout_cave_pools, chequers_mini_garden
D:7:      layout_rooms, amcnicky_mini_corridor_feature, minmay_door_square
D:8:      layout_basic, uniq_jeremiah
D:9:      layout_roguey, lair_entry_dummy, fountainhead, st_stairs_5,
          billiards_dpeg
D:10:     layout_gridville, mainiacjoe_overflow_alcove_4, hiddenorc1_lemuel,
          nicolae_zig_zag_zippers
D:11:     layout_basic, uniq_erica
D:12:     layout_roguey
D:13:     layout_stronghold, gammafunk_ghost_cemetery
D:14:     evilmike_halls_of_destruction, layout_loops_corners,
          skrybe_vaults_entry_preservation
D:15:     gammafunk_depths_entry_grave, layout_stronghold,
          hangedman_decor_clover_reticule
Temple:   hellmonk_temple_flake
Lair:1:   layout_cave_pods, chequers_serial_rivers_small_3,
          infiniplex_staircase_pool, serial_bayou_shore_b, uniq_urug
Lair:2:   layout_roguey, minmay_swamp_entry_worms,
          hellmonk_spider_entry_life_and_decay, portal_ice_cave_demonic_guard,
          st_stairs_10, lemuel_fruit_fields, uniq_maggie
Lair:3:   layout_layer_cave, lemuel_fruit_tree
Lair:4:   layout_roguey, dpeg_slime_entry_corner, grunt_megastairs_2
Lair:5:   minmay_lair_end_frog_pond, layout_regular_city

Skill      XL: |  1  2  3  4  5  6  7  8  9 10 11 12 13 14 15 |
---------------+----------------------------------------------+-----
Stealth        | 1 2 3 4 |  4.0
Unarmed Combat | 3 4 5 7 9 11 13 14 15 16 17 | 17.9
Fighting       | 4 5 6 7 8 10 11 12 14 | 14.8
Dodging        | 4 5 6 7 8 |  8.0
Shields        | 4 |  4.0
Shapeshifting  | 4 7 10 11 12 | 12.3

Action                     |  1- 3 |  4- 6 |  7- 9 | 10-12 | 13-15 || total
---------------------------+-------+-------+-------+-------+-------++-------
  Melee: Unarmed           |    50 |   144 |   181 |   452 |   636 ||  1463
         Constrict         |    15 |    40 |    47 |    56 |   103 ||   261
         Tentacles         |    11 |    22 |    42 |    85 |   128 ||   288
         Punch             |     1 |     3 |    10 |    30 |    79 ||   123
         Maw               |       |       |       |       |   133 ||   133
  Throw: Stone             |       |    40 |    13 |       |       ||    53
         Boomerang         |       |       |    10 |       |     1 ||    11
         Dart              |       |       |       |    18 |     6 ||    24
         Javelin           |       |       |       |       |     4 ||     4
         Throwing net      |       |       |       |       |     2 ||     2
 Invoke: Heavenly Storm    |       |       |       |       |     4 ||     4
         Serpent's Lash    |       |       |       |       |     3 ||     3
Ability: Lunge             |       |       |    33 |    60 |    59 ||   152
         Whirlwind         |       |       |     2 |    93 |   219 ||   314
         Wall Jump         |       |       |       |    16 |    40 ||    56
  Evoke: Wand              |       |     2 |     2 |     3 |     9 ||    16
    Use: Scroll            |     2 |     9 |     8 |     9 |    10 ||    38
         Potion            |       |     2 |       |     6 |     5 ||    13
   Stab: Sleeping          |     8 |    13 |    16 |    15 |    21 ||    73
         Distracted        |     1 |       |       |     1 |     1 ||     3
         Invisible         |       |       |       |     2 |     5 ||     7
 Armour: Skin              |    15 |    50 |    66 |   165 |   190 ||   486
  Dodge: Dodged            |    20 |    75 |    68 |   176 |   238 ||   577
  Block: Buckler           |     3 |    28 |    31 |    96 |   100 ||   258
   Form: Maw               |       |       |       |       |     1 ||     1
